 Seeded DCSS version 0.27.1-34-g3ba077fa99 (webtiles) character file.

Game seed: 74894893043 (custom seed)

1089 lonewolfV2 the Chopper (level 8, -2/96 HPs)
             Began as a Palentonga Fighter on Jan 6, 2022.
             Slain by a gnoll (7 damage)
             ... on level 5 of the Dungeon on Jan 7, 2022.
             The game lasted 00:08:14 (3917 turns).

lonewolfV2 the Chopper (Palentonga Fighter)         Turns: 3917, Time: 00:08:15

Health: -2/96      AC: 28    Str: 22    XL:     8   Next: 9%
Magic:  8/8        EV:  1    Int:  9    God:
Gold:   211        SH:  9    Dex:  9    Spells: 7/7 levels left

rFire    . . .     SeeInvis +   q - +2 dagger (speed)
rCold    . . .     Faith    .   c - +0 kite shield
rNeg     + + +     Spirit   .   (armour currently unavailable)
rPois    +         Reflect  .   (helmet currently unavailable)
rElec    .         Harm     .   (cloak currently unavailable)
rCorr    .         Rampage  .   (gloves currently unavailable)
Will     .....     NoTele   +   (no barding)
Stlth    +.........             (no amulet)
HPRegen  0.26/turn              e - ring of poison resistance
MPRegen  0.11/turn              g - +4 ring of protection

@: tree-form, hasted, very quick
A: stationary, stasis, torment immunity, boosted hp, large, rugged brown scales
3, see invisible, (deformed body), (roll 1), (armoured tail), (reflexive curl)
a: no special abilities


You were on level 5 of the Dungeon.
You were a tree.
You visited 1 branch of the dungeon, and saw 7 of its levels.

You collected 211 gold pieces.

Inventory:

Hand Weapons
 a - a +0 war axe
 q - a +2 dagger of speed (weapon)
Armour
 b - a +0 scale mail
 c - a +0 kite shield (worn)
 i - a +2 cloak (melded)
 m - a +4 scale mail (melded)
Jewellery
 e - a ring of poison resistance (left branch)
 g - a +4 ring of protection (right branch)
Wands
 o - a wand of flame (24)
Scrolls
 n - 2 scrolls of teleportation
Potions
 k - a potion of attraction


   Skills:
 + Level 4.2 Fighting
 + Level 3.0 Short Blades
 + Level 5.1 Axes
 + Level 4.0 Armour
 + Level 2.2 Dodging
 + Level 0.5 Stealth
 + Level 4.4 Shields


You had 7 spell levels left.
You didn't know any spells.
Your spell library contained the following spells:

 Spells                   Type           Power      Damage    Failure   Level
 Beastly Appendage        Tmut           0%         N/A       73%         1
 Freeze                   Ice            0%         1d3       73%         1
 Wereblood                Tmut           0%         N/A       86%         2
 Frozen Ramparts          Ice            0%         1d2       97%         3
 Spider Form              Tmut/Pois      0%         N/A       97%         3
 Hailstorm                Conj/Ice       0%         3d3       100%        4


Dungeon Overview and Level Annotations

Branches:
Dungeon (7/15)             Temple (0/1) D:5

Altars:

Shops:
D:7 !


Innate Abilities, Weirdness & Mutations

You are a tree.
Your roots penetrate the ground, keeping you stationary.
You cannot be teleported.
You are immune to unholy pain and torment.
Your maximum health is greatly increased.
Your equipment is partially melded.
(You are completely covered in rugged brown scales. (AC +3, +7% HP))
You have supernaturally acute eyesight. (SInv)
((Armour fits poorly on your strangely shaped body.))
((You can roll at nearby foes to attack.))
((You have a long armoured tail.))
((You curl defensively after being hit.))


Message History

Menkaure is heavily damaged.
Menkaure barely misses you.
You barely miss Menkaure.
Menkaure is heavily damaged.
Menkaure is no longer moving quickly.
Menkaure hits you but does no damage.
You hit Menkaure but do no damage.
Menkaure is heavily damaged.
You hit Menkaure.
Menkaure is heavily damaged.
Menkaure hits you!
* * * LOW HITPOINT WARNING * * *
You hit Menkaure.
Menkaure is severely damaged.
You block Menkaure's attack.
You hit Menkaure but do no damage.
Menkaure is severely damaged.
You hit Menkaure.
Menkaure is severely damaged.
Menkaure hits you but does no damage.
You hit Menkaure but do no damage.
Menkaure is severely damaged.
You hit Menkaure.
Menkaure is almost destroyed.
Menkaure mumbles some strange words.
Menkaure seems to speed up.
You hit Menkaure.
Menkaure is almost destroyed.
Menkaure hits you but does no damage.
You hit Menkaure.
You destroy Menkaure!
Your Short Blades skill increases to level 3!
Your Armour skill increases to level 4!
You have reached level 8!
You feel clever.
It was a potion of haste.
You feel yourself speed up. The gnoll hits you but does no damage.
You hit the gnoll.
You kill the gnoll!
The gnoll hits you from afar with a +0 trident!
You die...

#...#
***,,,,,
##..#
******
#.>#
##.# *
#.# *
#g# *
#g#
*****
#)#
*8>8*
#♣#
**,**
#.# *,**
#.# *,,,
#.# **,*
#.# *,*
#.# *,*
#.# *,*
#.# *,*
#.# *,*


You could see 2 gnolls.

Vanquished Creatures
  Pikel (D:5)
  Grinder (D:3)
  Menkaure (D:5)
  A black bear (D:4)
  A lemure (D:5)
  Robin (D:4)
  5 adders
  5 gnolls
  2 shadow imps
  An ufetubus (D:5)
  3 worms
  5 orcs (D:4)
  5 bats
  7 endoplasms
  A giant cockroach (D:2)
  15 goblins
  6 hobgoblins
  3 jackals (D:2)
  3 quokkas
  5 ball pythons
  2 frilled lizards
  10 kobolds
  5 rats
89 creatures vanquished.

Notes
Turn   | Place    | Note
-------+----------+-------------------------------------------
     0 | D:1      | lonewolfV2 the Palentonga Fighter began the quest for the
                  | Orb.
     0 | D:1      | Reached XP level 1. HP: 19/19 MP: 1/1
   283 | D:1      | Reached XP level 2. HP: 25/25 MP: 2/2
   286 | D:1      | Found a faded altar of an unknown god.
  1021 | D:2      | Reached XP level 3. HP: 28/31 MP: 3/3
  1530 | D:3      | Reached XP level 4. HP: 37/37 MP: 4/4
  1731 | D:3      | Reached skill level 3 in Axes
  1939 | D:3      | Noticed Grinder
  1944 | D:3      | Paralysed by Grinder for 5 turns
  1972 | D:3      | Paralysed by Grinder for 2 turns
  1986 | D:3      | Killed Grinder
  1987 | D:3      | Reached skill level 4 in Axes
  1987 | D:3      | Reached skill level 1 in Dodging
  1987 | D:3      | Reached XP level 5. HP: 17/44 MP: 5/5
  1987 | D:3      | Reached XP level 6. HP: 19/51 MP: 6/6
  2662 | D:4      | Noticed Robin
  3082 | D:4      | Killed Robin
  3432 | D:4      | You fall into a shaft and drop 3 floors!
  3464 | D:7      | Found Azixil's Distillery.
  3466 | D:7      | Noticed an orc warrior
  3491 | D:5      | Entered Level 5 of the Dungeon
  3491 | D:5      | Noticed Pikel
  3543 | D:5      | Killed Pikel
  3544 | D:5      | Reached skill level 5 in Axes
  3544 | D:5      | Gained mutation: You curl defensively after being hit.
                  | [Palentonga growth]
  3544 | D:5      | Reached XP level 7. HP: 19/57 MP: 7/7
  3859 | D:5      | Noticed Menkaure
  3908 | D:5      | HP: 3/85 [Menkaure (7)]
  3915 | D:5      | Killed Menkaure
  3916 | D:5      | Reached XP level 8. HP: 5/64 MP: 8/8
  3917 | D:5      | Slain by a gnoll

Illustrated notes

Levels and vault maps discovered:
D:1:      nagdon_arrival_zigzag_paths, layout_basic,
          shapermc_ecumenical_altar_venn
D:2:      layout_rooms, grunt_decor_resistance
D:3:      layout_basic, uniq_grinder
D:4:      layout_rooms, minmay_misc_feat_diagonals, corexii_checkpoint_b,
          uniq_robin
D:5:      layout_basic, temple_statues, serial_corexii_hall,
          corexii_hall_statues_x, corexii_hall_statues_l, uniq_menkaure,
          uniq_pikel, uniq_prince_ribbit1
D:6:      layout_rooms, hellmonk_ghost_happy_afterlife
D:7:      layout_gridville, serial_shops, shop, nicolae_shop_trees,
          nicolae_inconvenience_store

Skill      XL: |  1  2  3  4  5  6  7 |
---------------+----------------------+-----
Shields        | 3 4 |  4.4
Axes           | 4 5 |  5.1
Armour         | 3 4 |  4.0
Dodging        | 1 2 |  2.2
Fighting       | 4 |  4.2
Short Blades   | 2 3 |  3.0
Stealth        | |  0.5

Action                   |  1- 3 |  4- 6 |  7- 9 || total
-------------------------+-------+-------+-------++-------
Melee: War axe           |   114 |   105 |       ||   219
       Tailslap          |     6 |    14 |     2 ||    22
       Dagger            |       |    65 |    24 ||    89
 Abil: Rolling Charge    |    16 |    13 |       ||    29
  Use: Scroll            |     3 |     4 |     1 ||     8
       Potion            |       |     3 |     2 ||     5
Armor: Scale mail        |    92 |   186 |     6 ||   284
       Skin              |       |       |     8 ||     8
Dodge: Dodged            |    33 |    61 |     4 ||    98
Block: Kite shield       |    67 |   111 |    11 ||   189
